 Dungeon Crawl Stone Soup version 0.30-a0-715-gdb4ae3ece1 (webtiles) character file.

Game seed: 8327272791693151019

3818 wormed the Covert (level 10, -13/92 HPs)
             Began as a Naga Fire Elementalist on Jan 24, 2023.
             Was a Follower of Vehumet.
             Mangled by a komodo dragon (27 damage)
             ... on level 8 of the Dungeon.
             The game lasted 00:14:46 (10915 turns).

wormed the Covert (Naga Fire Elementalist)         Turns: 10915, Time: 00:14:47

Health: -13/92     AC:  6    Str: 10    XL:     10   Next: 17%
Magic:  6/19       EV:  9    Int: 20    God:    Vehumet [*.....]
Gold:   132        SH:  3    Dex: 12    Spells: 13/21 levels left

rFire   + + .      SeeInvis +    p - staff of cold
rCold   . . .      Faith    .    B - +0 buckler
rNeg    . . .      Spirit   .    d - +0 troll leather armour
rPois   +          Reflect  .    j - +0 helmet
rElec   .          Harm     .    (no cloak)
rCorr   .          Rampage  .    (no gloves)
Will    +....                    (no barding)
Stlth   ++++                     (no amulet)
HPRegen 1.15/turn                k - ring of protection from fire
MPRegen 0.16/turn                y - ring of fire

@: very slow
A: AC +3, large, see invisible, deformed body, poison resistance, slowness 2,
spit poison 1, naga tail 1
a: Spit Poison, Renounce Religion


You were on level 8 of the Dungeon.
You worshipped Vehumet.
Vehumet was aware of your devotion.
You visited 2 branches of the dungeon, and saw 9 of its levels.

You collected 432 gold pieces.
You spent 300 gold pieces at shops.

Inventory:

Armour
 d - a +0 troll leather armour (worn)
 j - a +0 helmet (worn)
 B - a +0 buckler (worn)
Magical Staves
 p - a staff of cold (weapon)
Jewellery
 a - a ring of protection from cold
 k - a ring of protection from fire (left hand)
 y - a ring of fire (right hand)
Wands
 e - a wand of roots (14)
 m - a wand of digging (1)
 n - a wand of flame (11) (quivered)
 r - a wand of polymorph (19)
 x - a wand of paralysis (8)
Scrolls
 b - 4 scrolls of teleportation
 i - 2 scrolls of fog
 l - 3 scrolls of fear
 o - 2 scrolls of poison
 s - 3 scrolls of identify
 v - a scroll of brand weapon
 A - 2 scrolls of amnesia
Potions
 c - 3 potions of haste
 f - 6 potions of mutation
 g - a potion of lignification
 h - 2 potions of heal wounds
 q - 2 potions of attraction
 t - 4 potions of curing
 u - a potion of flight
 w - 2 potions of cancellation
 z - 2 potions of invisibility {unknown}
 C - a potion of brilliance {unknown}


   Skills:
 + Level 6.3 Fighting
 - Level 1.5 Dodging
 + Level 10.4 Stealth
 + Level 6.1 Spellcasting
 + Level 6.3 Conjurations
 + Level 7.0 Fire Magic


You had 13 spell levels left.
You knew the following spells:

 Your Spells              Type           Power      Damage    Failure   Level
a - Foxfire               Conj/Fire      100%       2x1d9     1%          1
b - Scorch                Fire           100%       2d10      1%          2
c - Inner Flame           Hex/Fire       30%        N/A       12%         3
d - Blink                 Tloc           12%        N/A       26%         2

Your spell library contained the following spells:

 Spells                   Type           Power      Damage    Failure   Level
 Kiss of Death            Conj/Necr      72%        2d10      4%          1
 Momentum Strike          Conj/Tloc      36%        3d9       8%          2
 Flame Wave               Conj/Fire      49%        2d12      11%         4
 Kindle Blastsparks       Fire/Tloc/Air  46%        2d13      21%         3
 Cigotuvi's Dreadful Rot  Necr/Pois/Air  12%        N/A       26%         2
 Lesser Beckoning         Tloc           12%        N/A       26%         2
 Animate Armour           Summ/Erth      12%        N/A       87%         4
 Dispel Undead            Necr           6%         3d8       87%         4
 Blade Hands              Tmut           3%         N/A       99%         5
 Death Channel            Necr           3%         N/A       100%        6
 Iron Shot                Conj/Erth      9%         9d3       100%        6


Dungeon Overview and Level Annotations

Branches:
Dungeon (8/15)             Temple (1/1) D:5            Lair (0/5) D:8

Altars:
Ashenzari
Elyvilon
Fedhas
Gozag
Hepliaklqana
Kikubaaqudgha
Makhleb
Nemelex Xobeh
Ru
Sif Muna
Trog
Vehumet
Wu Jian
Xom
Yredelemnul
Zin
The Shining One

Shops:
D:2 =


Innate Abilities, Weirdness & Mutations

Your serpentine skin is tough. (AC +3)
You have supernaturally acute eyesight. (SInv)
Armour fits poorly on your strangely shaped body.
Your system is resistant to poisons. (rPois)
You cover ground very slowly.
You can spit poison.
You have a snake-like lower body.


Message History

The foxfire hits the komodo dragon.
Flame seeps out of the komodo dragon.
The komodo dragon is moderately wounded.
The komodo dragon is engulfed in blazing flames.
Flame seeps out of the komodo dragon.
The komodo dragon bites you!!
Your magical contamination has completely faded away.
Casting: Foxfire (safe; 1% risk of failure)
Confirm with . or Enter, or press ? or * to list all spells.
You feel a surge of power!
You conjure some foxfire!
The komodo dragon barely misses you.
Your foxfire dissipates!
The foxfire hits the komodo dragon!
Flame seeps out of the komodo dragon.
The komodo dragon is severely wounded.
The komodo dragon is engulfed in blazing flames.
Flame seeps out of the komodo dragon.
Casting: Foxfire (safe; 1% risk of failure)
Confirm with . or Enter, or press ? or * to list all spells.
You feel a surge of power!
You conjure some foxfire!
The komodo dragon bites you!
Your foxfire dissipates!
The komodo dragon attacks as you move away!
The komodo dragon bites you!
The foxfire hits the komodo dragon but does no damage.
The komodo dragon is severely wounded.
Casting: Foxfire (safe; 1% risk of failure)
Confirm with . or Enter, or press ? or * to list all spells.
You feel a surge of power!
You conjure some foxfire!
The komodo dragon bites you!
The foxfire hits the komodo dragon but does no damage.
The komodo dragon is severely wounded.
The foxfire hits the komodo dragon but does no damage.
The komodo dragon is severely wounded.
The komodo dragon bites you!
Casting: Foxfire (safe; 1% risk of failure)
Confirm with . or Enter, or press ? or * to list all spells.
You feel a surge of power!
You conjure some foxfire!
The komodo dragon bites you!!
* * * LOW HITPOINT WARNING * * *
The komodo dragon attacks as you move away!
The komodo dragon bites you!!
You die...

#.......## #.#
#.....### #.#
#.....#### #.#
#........# #.#
#####......#.#####.#
#...'......#....##.# .
#.###...)..####.##.#
....##......v#.......#
....>........l@v.#.####
...#.###.....#####.####
# #.....'........#
#....(#####.##.#
#.....# #.##.# #######
#....# ######


You could see a komodo dragon (inner flame, ally target).

Vanquished Creatures
  A two-headed ogre (D:7)
  Maggie (D:6)
  A troll (D:8)
  Prince Ribbit (D:8)
  Sigmund (D:2)
  A water moccasin (D:7)
  2 ice beasts
  An orc warrior (D:8)
  A sky beast (D:6)
  A centaur (D:8)
  A kobold brigand (D:8)
  3 bullfrogs
  A gnoll sergeant (D:4)
  2 necrophages
  7 scorpions
  2 jellies (D:6)
  A gnoll bouda (D:7)
  5 orc priests
  3 hounds (D:4)
  Natasha (thrice) (D:2)
  Ijyb (D:5)
  6 iguanas
  4 orc wizards
  A mummy (D:8)
  11 gnolls
  3 adders
  3 worms
  A dart slug (D:4)
  30 orcs
  6 endoplasms
  3 giant cockroaches
  10 goblins
  10 hobgoblins
  2 jackals (D:4)
  15 kobolds
  3 quokkas
  4 ball pythons
  2 bats
  5 frilled lizards
  2 kobold zombies (D:8)
  2 orc zombies (D:8)
  2 rats
  A butterfly (D:5)
166 creatures vanquished.

Vanquished Creatures (others)
  247 foxfires
  26 plants (D:8)
273 creatures vanquished.

Grand Total: 439 creatures vanquished

Notes
Turn   | Place    | Note
-------+----------+-------------------------------------------
     0 | D:1      | wormed the Naga Fire Elementalist began the quest for the
                  | Orb.
     0 | D:1      | Reached XP level 1. HP: 15/15 MP: 3/3
   201 | D:1      | Reached XP level 2. HP: 17/24 MP: 1/5
   273 | D:1      | Learned a level 2 spell: Scorch
  1072 | D:2      | Reached XP level 3. HP: 25/30 MP: 1/6
  1161 | D:2      | Found Sissiur's Jewellery Shoppe.
  1172 | D:2      | Noticed a scorpion
  1175 | D:2      | Reached skill level 1 in Fighting
  1187 | D:2      | Noticed Natasha
  1188 | D:2      | Killed a scorpion
  1189 | D:2      | Reached skill level 4 in Stealth
  1189 | D:2      | Reached XP level 4. HP: 38/38 MP: 0/7
  2109 | D:2      | Killed Natasha
  2110 | D:2      | Reached XP level 5. HP: 19/45 MP: 0/9
  2223 | D:2      | Noticed Sigmund
  2226 | D:2      | Killed Sigmund
  2227 | D:2      | Reached skill level 5 in Stealth
  2227 | D:2      | Reached XP level 6. HP: 52/55 MP: 3/10
  2331 | D:2      | Found Sissiur's Jewellery Shoppe.
  2410 | D:2      | Noticed Natasha
  2417 | D:2      | Killed Natasha
  2492 | D:2      | Noticed Natasha
  2499 | D:2      | Killed Natasha
  3086 | D:2      | Learned a level 3 spell: Inner Flame
  4131 | D:4      | Reached XP level 7. HP: 61/61 MP: 8/12
  4383 | D:4      | Found a blossoming altar of Fedhas.
  4861 | D:4      | Reached skill level 6 in Stealth
  5558 | D:5      | Entered Level 5 of the Dungeon
  5707 | D:5      | Found a staircase to the Ecumenical Temple.
  5833 | Temple   | Entered the Ecumenical Temple
  6003 | Temple   | Became a worshipper of Vehumet
  6176 | D:5      | Noticed Ijyb
  6181 | D:5      | Paralysed by Ijyb for 3 turns
  6201 | D:5      | Paralysed by Ijyb for 2 turns
  6225 | D:5      | Killed Ijyb
  6540 | D:5      | Reached XP level 8. HP: 42/72 MP: 0/14
  6707 | D:5      | Reached skill level 5 in Fire Magic
  6726 | D:5      | Reached skill level 7 in Stealth
  7211 | D:2      | Bought a ring of fire for 300 gold pieces
  7293 | D:6      | Noticed Maggie
  7407 | D:6      | Paralysed by Maggie for 2 turns
  7408 | D:6      | Killed Maggie
  7443 | D:6      | Reached skill level 8 in Stealth
  7787 | D:6      | Reached XP level 9. HP: 78/80 MP: 9/16
  7792 | D:6      | Reached skill level 5 in Conjurations
  7991 | D:6      | Reached skill level 5 in Spellcasting
  8215 | D:7      | Reached skill level 5 in Fighting
  8221 | D:7      | Learned a level 2 spell: Blink
  8665 | D:7      | Noticed a two-headed ogre
  8882 | D:7      | Reached * piety under Vehumet
  8882 | D:7      | Offered knowledge of Kiss of Death by Vehumet.
  9155 | D:7      | Reached skill level 9 in Stealth
  9345 | D:7      | Killed a two-headed ogre
  9626 | D:7      | Identified the +1 ring mail of the Puckish God {Int+3}
 10185 | D:8      | Reached skill level 10 in Stealth
 10297 | D:8      | Noticed a troll
 10304 | D:8      | Killed a troll
 10305 | D:8      | Reached XP level 10. HP: 91/91 MP: 9/19
 10388 | D:8      | Found a staircase to the Lair.
 10402 | D:8      | Noticed Prince Ribbit
 10407 | D:8      | Killed Prince Ribbit
 10915 | D:8      | Mangled by a komodo dragon

Illustrated notes

Levels and vault maps discovered:
D:1:      wheals_arrival_shading, layout_basic
D:2:      layout_basic, serial_shops, nicolae_shop_trees,
          chequers_serial_rivers_micro_d, uniq_sigmund, uniq_natasha
D:3:      layout_rooms
D:4:      layout_basic, fedhas_altar_1, lightli_minifort
D:5:      layout_layer_cave, minmay_temple_entry_butterflies,
          kennysheep_decorative_pillar, sigmund_army, uniq_ijyb
D:6:      layout_cave_pools, uniq_maggie
D:7:      layout_cave_pods, chequers_serial_rivers_large_a
D:8:      layout_basic, david_lair_shrubbed, minmay_mini_ossuary,
          uniq_prince_ribbit1
Temple:   nicolae_temple_x_marks_the_god

Skill      XL: |  1  2  3  4  5  6  7  8  9 10 |
---------------+-------------------------------+-----
Fighting       | 1 2 3 4 6 |  6.3
Stealth        | 4 5 6 8 10 | 10.4
Conjurations   | 2 3 4 6 |  6.3
Spellcasting   | 3 4 6 |  6.1
Fire Magic     | 4 5 6 7 |  7.0
Dodging        | |  1.5

Action                     |  1- 3 |  4- 6 |  7- 9 | 10-12 || total
---------------------------+-------+-------+-------+-------++-------
  Melee: Dagger            |    11 |    14 |       |       ||    25
         Staff             |       |       |    48 |       ||    48
   Cast: Foxfire           |    24 |     6 |    95 |    14 ||   139
         Scorch            |     9 |    43 |    69 |     2 ||   123
         Inner Flame       |       |     3 |    49 |     9 ||    61
Ability: Spit Poison       |     2 |       |    11 |       ||    13
    Use: Scroll            |       |       |    21 |       ||    21
         Potion            |       |       |     3 |       ||     3
 Armour: Robe              |     6 |     1 |     4 |       ||    11
         Leather armour    |       |       |    39 |       ||    39
  Dodge: Dodged            |     7 |    13 |    54 |     4 ||    78
  Block: Buckler           |       |       |    11 |       ||    11

Table legend: (Time is in decaauts)
 A = Elapsed time spent in this place.
 B = Non-inter-level travel time spent in this place.
 C = Inter-level travel time spent in this place.
 D = Time resting spent in this place.
 E = Time spent auto-exploring this place.
 F = Levels seen in this place.
 G = Mean time per level.
                   A        B        C        D        E       F      G
               +--------+--------+--------+--------+--------+-----+--------+
         Total |  13299 |  12556 |    743 |     24 |  10900 |   9 | 1477.7 |
       Dungeon |  13095 |  12359 |    736 |     24 |  10728 |   8 | 1636.9 |
        Temple |    204 |    197 |      7 |      0 |    172 |   1 |  204.0 |
               +--------+--------+--------+--------+--------+-----+--------+

Top non-repeatable levels by time:
     D:2: 2517 daAuts
     D:4: 2203 daAuts
     D:7: 1889 daAuts
     D:5: 1881 daAuts
     D:1: 1469 daAuts
     D:8: 1306 daAuts
     D:6: 930 daAuts
     D:3: 896 daAuts
  Temple: 204 daAuts
